 Dungeon Crawl Stone Soup version 0.29-a0-994-gc5c9f59d18 (webtiles) character file.

Game seed: 16824698917531395825

7403 ytrimaz the Thaumaturge (level 11, -2/75 HPs)
             Began as an Octopode Transmuter on Aug 3, 2022.
             Was a Follower of Ashenzari.
             Slain by a yak (11 damage)
             ... on level 9 of the Dungeon.
             The game lasted 00:22:42 (10421 turns).

ytrimaz the Thaumaturge (Octopode Transmuter)      Turns: 10421, Time: 00:22:43

Health: -2/75      AC:  7    Str: 23    XL:     11   Next: 14%
Magic:  0/28       EV: 10    Int: 19    God:    Ashenzari [*.....]
Gold:   325        SH:  0    Dex: 12    Spells: 28/37 levels left

rFire   x . .      SeeInvis .     - Unarmed
rCold   + + +      Faith    .   (shield currently unavailable)
rNeg    . . .      Spirit   +   (helmet currently unavailable)
rPois   +          Reflect  .   s - amulet of guardian spirit
rElec   .          Harm     .   k - +6 ring of strength
rCorr   .          Rampage  .   q - +6 ring of strength
Will    .....                   t - ring of protection from cold
Stlth   +.........              x - ring "Sidereal Trepidation" {Fly, Alch, Cun} (curse)
HPRegen 0.22/turn               r - ring of wizardry
MPRegen 0.21/turn               c - ring "Cursed With Me" {rC+, Evo, Alch} (curse)
                                (no ring)
                                (no ring)

@: ice-form, flying
A: freezing attack, boosted hp, almost no armour, amphibious, 8 rings, large,
(camouflage 1), (gelatinous body 1), (nimble swimmer 1), (tentacles)
a: End Transformation, Renounce Religion, Shatter the Chains


You were on level 9 of the Dungeon.
You worshipped Ashenzari.
Ashenzari was aware of your devotion.
You were a creature of crystalline ice.
You visited 2 branches of the dungeon, and saw 10 of its levels.
You also visited: Ossuary.

You collected 490 gold pieces.
You spent 165 gold pieces at shops.

Inventory:

Armour
 C - a +0 hat
Jewellery
 c - the cursed ring "Cursed With Me" (on tentacle) {rC+, Evo, Alch}
   (You found it on level 8 of the Dungeon)

   [ring of protection from cold]

   rC:        It protects you from cold.
   It has a curse which improves the following skills: Evocations: Evocations.
   Alchemy:   Poison Magic and Transmutations.
 k - a +6 ring of strength (left front paw)
 q - a +6 ring of strength (right front paw)
 r - a ring of wizardry (on tentacle)
 s - an amulet of guardian spirit (around neck)
 t - a ring of protection from cold (on tentacle)
 x - the cursed ring "Sidereal Trepidation" (on tentacle) {Fly, Alch, Cun}
   (You found it on level 6 of the Dungeon)

   [ring of flight]

   Fly:       It grants you flight.
   It has a curse which improves the following skills: Alchemy: Poison Magic and
   Transmutations.
   Cunning:   Dodging and Stealth.
 z - an amulet of the acrobat
Wands
 h - a wand of polymorph (16)
 p - a wand of flame (3)
 v - a wand of acid (2)
 E - a wand of iceblast (1)
 G - a wand of digging (6)
 H - a wand of charming (6)
Scrolls
 i - a scroll of vulnerability
 l - 2 scrolls of poison
 m - 3 scrolls of teleportation
 A - a scroll of noise
 B - a scroll of butterflies
 F - a scroll of amnesia
Potions
 a - 2 potions of flight
 b - 5 potions of mutation
 d - 2 potions of brilliance
 e - a potion of attraction
 f - a potion of might
 g - a potion of resistance
 j - a potion of haste
 n - a potion of degeneration
 o - a potion of lignification
 u - a potion of magic
 w - a potion of cancellation


   Skills:
 - Level 1.0 Fighting
 - Level 0.1 Short Blades
 - Level 2.1 Polearms
 - Level 0.1 Ranged Weapons
 - Level 0.1 Throwing
 - Level 2.0(2.6) Dodging
 - Level 0.1 Shields
 - Level 6.0 Unarmed Combat
 + Level 13.7 Spellcasting
 - Level 0.1 Conjurations
 - Level 0.1 Hexes
 - Level 0.1 Summonings
 - Level 0.3 Necromancy
 - Level 0.1 Translocations
 - Level 4.0(5.2) Transmutations
 - Level 0.1 Fire Magic
 - Level 0.1 Ice Magic
 - Level 0.1 Air Magic
 - Level 0.1 Earth Magic
 - Level 4.0(5.2) Poison Magic
 - Level 0.1 Invocations
 - Level 0.1(0.2) Evocations


You had 28 spell levels left.
You knew the following spells:

 Your Spells              Type           Power      Damage    Failure   Level
a - Ice Form              Ice/Tmut       23%        N/A       7%          4
b - Wereblood             Tmut           32%        N/A       1%          2
c - Spider Form           Tmut/Pois      32%        N/A       1%          3

Your spell library contained the following spells:

 Spells                   Type           Power      Damage    Failure   Level
 Beastly Appendage        Tmut           64%        N/A       1%          1
 Olgreb's Toxic Radiance  Pois           32%        N/A       2%          4
 Stone Arrow              Conj/Erth      26%        3d8       6%          3
 Ozocubu's Refrigeration  Ice            6%         4d8       100%        7
 Ignition                 Fire           6%         3d4       100%        8
 Lehudib's Crystal Spear  Conj/Erth      6%         10d3      100%        8
 Animate Armour           Summ/Erth      Unusable   N/A       N/A         4

Dungeon Overview and Level Annotations

Branches:
Dungeon (9/15)             Temple (1/1) D:5         Ossuary (visited)
   Lair: D:8-11         Orc: D:9-12

Altars:
Ashenzari
Cheibriados
Dithmenos
Elyvilon
Fedhas
Gozag
Hepliaklqana
Kikubaaqudgha
Makhleb
Nemelex Xobeh
Okawaru
Ru
Sif Muna
Trog
Uskayaw
Vehumet
Wu Jian
Yredelemnul
Zin
The Shining One

Shops:
D:5 *

Annotations:
D:3 Natasha


Innate Abilities, Weirdness & Mutations

You are a creature of crystalline ice.
You have a powerful freezing melee attack.
Your maximum health is increased.
Your armour is entirely melded.
You are incapable of wielding weapons or throwing items.
You cannot wear most types of armour.
You are amphibious.
You can wear up to eight rings at the same time.
((Your skin changes colour to match your surroundings (Stealth+).))
((Your rubbery body absorbs attacks. (AC +1, EV +1)))
((You are camouflaged when in or above water. (Stealth+)))
((You have tentacles for arms and can constrict up to eight enemies at once.))


Message History

The yak is severely wounded.
The yak gores you!
You hit the yak. You freeze the yak.
The yak is severely wounded.
The yak gores you.
Unknown command.
You hit the yak. You freeze the yak.
The yak is almost dead.
Your primal bloodlust is almost over.
The yak barely misses you.
You hit the yak. You freeze the yak.
You feel a bit better.
You kill the yak!
You punch the yak! You freeze the yak.
The yak is heavily wounded.
Unknown command.
You hit the yak. You freeze the yak.
The yak is lightly wounded.
The yak gores you. The yak gores you!
* * * LOW HITPOINT WARNING * * *
Unknown command.
Okay, then.
As you read the scroll of summoning, it crumbles to dust.
Wisps of shadow whirl around you... The yak closely misses you.
The yak gores you!
* * * LOW HITPOINT WARNING * * *
Unknown command.
Unknown command.
Okay, then.
Okay, then.
You feel better.
Your bullfrog barely misses the yak.
The yak gores you!
* * * LOW HITPOINT WARNING * * *
The yak misses you.
Your orc warrior hits the yak with a +1 vorpal flail!!
The yak dies!
Your orc warrior hits the yak with a +0 long sword!
Unknown command.
Unknown command.
Your primal bloodlust has ended.
The yak gores you!
You die...

...#
...#
#..#
..# .o#
#####o#
#...Fo#
#)###Y#


#oooY<# ####### You could see a yak (ally target), 2 friendly orc warriors, a
friendly orc wizard (summoned) and 3 friendly orcs.

Vanquished Creatures
  A cyclops (D:8)
  Joseph (D:8)
  Maurice (D:8)
  5 polar bears (D:8)
  Prince Ribbit (D:8)
  Sigmund (D:3)
  2 yaks
  A wyvern (D:8)
  A steam dragon (D:7)
  Duvessa (D:6)
  3 water moccasins
  9 ice beasts
  A wolf (D:8)
  An ogre (D:4)
  3 centaurs
  2 phantoms
  4 bullfrogs
  2 scorpions (D:6)
  A hornet simulacrum (D:8)
  11 wights
  Dowan (D:6)
  6 killer bees (D:8)
  2 howler monkeys
  5 hounds
  4 orc priests
  4 gnoll boudas
  A jelly (D:6)
  5 iguanas
  Natasha (twice) (D:3)
  5 orc wizards
  A centaur simulacrum (D:8)
  3 hound zombies (Ossuary)
  3 killer bee simulacra (D:8)
  4 mummies (Ossuary)
  9 gnolls
  5 adders
  2 white imps (D:8)
  A howler monkey simulacrum (D:8)
  3 ufetubi
  3 worms (D:3)
  4 dart slugs
  20 orcs
  6 ball pythons
  10 endoplasms
  3 giant cockroaches
  8 goblins
  8 hobgoblins
  4 jackals
  6 kobolds
  7 quokkas
  3 bats
  4 frilled lizards
  A gnoll zombie (Ossuary)
  A goblin zombie (Ossuary)
  2 hobgoblin zombies (Ossuary)
  A jackal zombie (Ossuary)
  2 kobold zombies (Ossuary)
  An orc zombie (Ossuary)
  6 rats
  A rat zombie (Ossuary)
219 creatures vanquished.

Vanquished Creatures (collateral kills)
  A yak (D:9)
1 creature vanquished.

Grand Total: 220 creatures vanquished

Notes
Turn   | Place    | Note
-------+----------+-------------------------------------------
     0 | D:1      | ytrimaz the Octopode Transmuter began the quest for the
                  | Orb.
     0 | D:1      | Reached XP level 1. HP: 13/13 MP: 3/3
   149 | D:1      | Reached XP level 2. HP: 18/18 MP: 5/5
   741 | D:1      | Reached XP level 3. HP: 17/23 MP: 4/6
  1275 | D:2      | Found a faded altar of an unknown god.
  1698 | D:2      | Reached XP level 4. HP: 27/28 MP: 5/7
  1837 | D:2      | Reached skill level 5 in Unarmed Combat
  2526 | D:3      | Reached XP level 5. HP: 31/33 MP: 6/8
  2660 | D:3      | Identified the +11 plate armour of the Bulwark {Will+}
  2793 | D:3      | Noticed Sigmund
  2794 | D:3      | Found an opulent altar of Gozag.
  2808 | D:3      | Killed Sigmund
  2809 | D:3      | Reached XP level 6. HP: 18/38 MP: 9/9
  3745 | D:3      | Noticed Natasha
  3753 | D:3      | Killed Natasha
  3762 | D:3      | Noticed Natasha
  3770 | D:3      | Killed Natasha
  3771 | D:3      | Noticed Natasha
  4254 | D:4      | Learned a level 2 spell: Wereblood
  4258 | D:4      | Learned a level 3 spell: Spider Form
  4599 | D:4      | Found a glowing silver altar of Zin.
  4627 | D:4      | Reached XP level 7. HP: 40/43 MP: 9/11
  4661 | D:4      | Found a shadowy altar of Dithmenos.
  4913 | D:4      | Reached skill level 3 in Spellcasting
  5029 | D:4      | Reached skill level 4 in Spellcasting
  5316 | D:4      | Found a hide-covered altar of Uskayaw.
  5353 | D:4      | Found a shimmering blue altar of Sif Muna.
  5454 | D:5      | Entered Level 5 of the Dungeon
  5470 | D:5      | Found a staircase to the Ecumenical Temple.
  5499 | Temple   | Entered the Ecumenical Temple
  6174 | D:5      | Reached skill level 5 in Spellcasting
  6174 | D:5      | Reached XP level 8. HP: 44/48 MP: 13/15
  6209 | D:5      | Found Aximn's Assorted Antiques.
  6215 | D:5      | Bought a potion of lignification for 84 gold pieces
  6215 | D:5      | Bought a scroll of identify for 56 gold pieces
  6215 | D:5      | Bought a bubbling coppery potion for 25 gold pieces
  6269 | D:6      | Noticed Duvessa
  6283 | D:6      | Found a basalt altar of Yredelemnul.
  6284 | D:6      | Noticed Dowan
  6291 | D:6      | Killed Duvessa
  6295 | D:6      | Killed Dowan
  6308 | D:6      | Reached skill level 6 in Spellcasting
  6308 | D:6      | Reached skill level 1 in Poison Magic
  6320 | D:6      | Reached skill level 7 in Spellcasting
  6680 | D:6      | Reached XP level 9. HP: 33/53 MP: 20/20
  6806 | D:6      | Found a sparkling altar of Nemelex Xobeh.
  6834 | D:6      | Reached skill level 8 in Spellcasting
  7433 | D:6      | Learned a level 4 spell: Ice Form
  7676 | D:7      | Reached skill level 9 in Spellcasting
  7998 | D:7      | Found a broken altar of Ashenzari.
  8007 | D:7      | Found a sacrificial altar of Ru.
  8123 | D:7      | Became a worshipper of Ashenzari the Shackled
  8708 | D:8      | Noticed a polar bear
  8716 | D:8      | Killed a polar bear
  8717 | D:8      | Reached skill level 10 in Spellcasting
  8728 | D:8      | Reached XP level 10. HP: 50/58 MP: 8/24
  8741 | D:8      | Noticed Maurice
  8773 | D:8      | Noticed Prince Ribbit
  8778 | D:8      | Killed Maurice
  8779 | D:8      | Reached skill level 11 in Spellcasting
  8782 | D:8      | Killed Prince Ribbit
  8974 | D:8      | Found a sand-covered staircase.
  8983 | Ossuary  | Entered an ossuary
  9411 | D:8      | Reached skill level 12 in Spellcasting
  9462 | D:8      | Noticed a cyclops
  9472 | D:8      | Killed a cyclops
  9481 | D:8      | HP: 2/66 [wight/+2 hand axe (3)]
 10016 | D:8      | Reached skill level 13 in Spellcasting
 10034 | D:8      | Reached * piety under Ashenzari
 10172 | D:8      | Noticed Joseph
 10181 | D:8      | Reached XP level 11. HP: 46/63 MP: 18/28
 10197 | D:8      | Killed Joseph
 10421 | D:9      | Slain by a yak

Illustrated notes

Levels and vault maps discovered:
D:1:      lightli_arrival_chessboard, layout_loops_ring
D:2:      layout_basic, shapermc_ecumenical_altar_venn
D:3:      layout_basic, nicolae_gozag_seed_capital, uniq_sigmund, uniq_natasha
D:4:      layout_loops_ring, nicolae_overflow_quartered_altars,
          kennysheep_generic_room_6
D:5:      layout_rooms, minmay_temple_entry_slanted, serial_shops,
          nicolae_shop_hallway_stairs
D:6:      layout_cave_pools, mainiacjoe_overflow_tiny_flanked,
          mainiacjoe_overflow_paths, uniq_duvessa
D:7:      layout_rooms, mainiacjoe_overflow_swirl
D:8:      cheibrodos_barr_body, layout_basic, serial_ice, serial_ice_a,
          serial_ice_o, serial_ice_e, serial_ice_n, serial_ice_j, serial_ice_g,
          serial_ice_b, serial_ice_d, serial_ice_m, serial_ice_h,
          enter_ossuary_3, st_stairs_13, uniq_prince_ribbit1, uniq_maurice,
          uniq_joseph
D:9:      layout_basic, lemuel_crystal_altar, nicolae_qazlal_eye_of_the_storm,
          enter_bailey_7, minmay_misc_feat_four_crosses, minivault_16
Temple:   grunt_temple_mini_profane

Skill      XL: |  1  2  3  4  5  6  7  8  9 10 |
---------------+-------------------------------+-----
Unarmed Combat | 4 5 6 |  6.0
Polearms       | 2 |  2.1
Transmutations | 3 4 |  4.0
Spellcasting   | 5 7 10 13 | 13.7
Poison Magic   | 2 4 |  4.0
Fighting       | |  1.0
Short Blades   | |  0.1
Ranged Weapons | |  0.1
Throwing       | |  0.1
Dodging        | |  2.0
Shields        | |  0.1
Conjurations   | |  0.1
Hexes          | |  0.1
Summonings     | |  0.1
Necromancy     | |  0.3
Translocations | |  0.1
Fire Magic     | |  0.1
Ice Magic      | |  0.1
Air Magic      | |  0.1
Earth Magic    | |  0.1
Invocations    | |  0.1
Evocations     | |  0.1

Action                   |  1- 3 |  4- 6 |  7- 9 | 10-12 || total
-------------------------+-------+-------+-------+-------++-------
Melee: Unarmed           |    79 |    95 |   194 |   234 ||   602
       Tentacles         |    20 |    11 |     7 |       ||    38
       Kick              |    20 |    27 |    11 |       ||    58
       Constrict         |    20 |    21 |     7 |     3 ||    51
       Punch             |     4 |     6 |     4 |     2 ||    16
 Cast: Beastly Appendage |    25 |    19 |    12 |       ||    56
       Spider Form       |       |       |    13 |     1 ||    14
       Wereblood         |       |       |     4 |     7 ||    11
       Ice Form          |       |       |     3 |    13 ||    16
Invok: Curse Item        |       |       |       |     2 ||     2
Evoke: Wand              |       |       |     2 |       ||     2
  Use: Scroll            |       |     6 |     8 |     6 ||    20
       Potion            |       |     1 |    13 |     6 ||    20
 Stab: Sleeping          |     5 |     6 |     2 |       ||    13
Armor: Skin              |     5 |     8 |    23 |   105 ||   141
Dodge: Dodged            |    49 |    46 |   137 |   136 ||   368

Table legend: (Time is in decaauts)
 A = Elapsed time spent in this place.
 B = Non-inter-level travel time spent in this place.
 C = Inter-level travel time spent in this place.
 D = Time resting spent in this place.
 E = Time spent auto-exploring this place.
 F = Levels seen in this place.
 G = Mean time per level.
                   A        B        C        D        E       F      G
               +--------+--------+--------+--------+--------+-----+--------+
         Total |  10353 |  10070 |    283 |   1716 |   6522 |  11 |  941.2 |
       Dungeon |   9774 |   9528 |    246 |   1716 |   6111 |   9 | 1086.0 |
        Temple |    344 |    307 |     37 |      0 |    303 |   1 |  344.0 |
       Ossuary |    233 |    233 |      0 |      0 |    108 |   1 |  233.0 |
               +--------+--------+--------+--------+--------+-----+--------+

Top non-repeatable levels by time:
     D:3: 1712 daAuts
     D:8: 1410 daAuts
     D:2: 1302 daAuts
     D:7: 1243 daAuts
     D:4: 1228 daAuts
     D:6: 1190 daAuts
     D:1: 1190 daAuts
     D:5: 452 daAuts
  Temple: 344 daAuts
 Ossuary: 233 daAuts
     D:9: 44 daAuts
